 Dungeon Sprint DCSS version 0.25.0-41-g26779e291d (webtiles) character file.

Game seed: 16932707617102584363

15854 MordorOrchid the Thaumaturge (level 12, -1/100 HPs)
             Began as a Gnoll Ice Elementalist on July 2, 2020.
             Was the Champion of Sif Muna.
             Slain by a sixfirhy (9 damage)
             ... summoned by a deep elf demonologist
             ... in the Dungeon (Sprint VII: "The Pits") on July 10, 2020.
             The game lasted 00:32:17 (2059 turns).

MordorOrchid the Thaumaturge (GnIE)                 Turns: 2059, Time: 00:32:18

Health: -1/100     AC: 16    Str: 12    XL:     12   Next: 31%
Magic:  1/28       EV: 16    Int: 21    God:    Sif Muna [******]
Gold:   46         SH:  0    Dex: 16    Spells: 2/35 levels left

rFire    . . .     SeeInvis .   y - +2 rapier (drain)
rCold    . . .     Gourm    .   (no shield)
rNeg     + . .     Faith    .   A - +4 scale mail
rPois    .         Spirit   .   (no helmet)
rElec    .         Reflect  .   z - +0 cloak
rCorr    .         Harm     .   (no gloves)
MR       +....     NoTele   +   w - +0 pair of boots
Stlth    ++++......             (no amulet)
HPRegen  0.26/turn              N - ring of positive energy
MPRegen  0.21/turn              O - ring of protection from magic

@: frozen ramparts
A: distributed training, fangs 1, strong nose
a: Channel Magic, Forget Spell, Divine Exegesis, Renounce Religion


You were in the Dungeon.
You worshipped Sif Muna.
Sif Muna was exalted by your worship.
You were not hungry.

You visited 1 branch You collected 46 gold pieces.

Inventory:

Hand Weapons
 a - a +3 long sword of holy wrath
 j - a +2 falchion
 k - a +2 shortbow of freezing
 p - a +2 vorpal trident
 y - a +2 rapier of draining (weapon)
 F - a +2 dagger of venom
 G - a +2 scimitar of flaming
 H - a +1 broad axe of freezing
Missiles
 l - 19 arrows
 n - 31 stones (quivered)
Armour
 t - a +3 chain mail
 u - a +0 robe
 w - a +0 pair of boots (worn)
 z - a +0 cloak (worn)
 A - a +4 scale mail (worn)
Magical Staves
 x - an uncursed staff of energy
Jewellery
 N - a ring of positive energy (left hand)
 O - a ring of protection from magic (right hand)
Wands
 P - a wand of polymorph (5)
Scrolls
 i - 2 scrolls of blinking
 o - 4 scrolls of remove curse
 q - a scroll of summoning
 r - 2 scrolls of vulnerability
 v - 5 scrolls of amnesia
 I - 4 scrolls of enchant armour
 J - 2 scrolls of fog
 M - 2 scrolls of enchant weapon
Potions
 d - 8 potions of curing
 e - 16 potions of heal wounds
 f - 3 potions of haste
 g - 4 potions of magic
 h - 3 potions of berserk rage
 m - a potion of invisibility
 D - 2 potions of mutation
 K - 2 potions of brilliance
 L - 2 potions of resistance
Comestibles
 c - 9 rations


   Skills:
 + Level 11.3 Fighting
 + Level 11.3 Short Blades
 + Level 11.3 Long Blades
 + Level 11.3 Axes
 + Level 11.3 Maces & Flails
 + Level 11.3 Polearms
 + Level 11.3 Staves
 + Level 11.3 Slings
 + Level 11.3 Bows
 + Level 11.3 Crossbows
 + Level 11.3 Throwing
 + Level 11.3 Armour
 + Level 12.1 Dodging
 + Level 11.9 Stealth
 + Level 11.3 Shields
 + Level 11.3 Unarmed Combat
 + Level 12.2 Spellcasting
 + Level 9.6 Conjurations
 + Level 9.6 Hexes
 + Level 9.6 Charms
 + Level 9.6 Summonings
 + Level 9.6 Necromancy
 + Level 9.6 Translocations
 + Level 9.6 Transmutations
 + Level 9.6 Fire Magic
 + Level 11.7 Ice Magic
 + Level 9.6 Air Magic
 + Level 9.6 Earth Magic
 + Level 9.6 Poison Magic
 + Level 12.2 Invocations
 + Level 11.3 Evocations


You had 2 spell levels left.
You knew the following spells:

 Your Spells              Type           Power        Failure   Level  Hunger
a - Freeze                Ice            ####         1%          1    None
b - Frozen Ramparts       Ice            ######       1%          3    None
g - Mephitic Cloud        Conj/Pois/Air  ######..     1%          3    None
r - Hailstorm             Conj/Ice       ######..     2%          4    None
s - Summon Ice Beast      Ice/Summ       ######..     2%          4    None
u - Animate Skeleton      Necr           N/A          1%          1    None
y - Ozocubu's Armour      Chrm/Ice       ######..     1%          3    None
R - Irradiate             Conj/Tmut      ######....   10%         5    ####...
S - Summon Forest         Summ/Tloc      ######....   10%         5    ####...
U - Animate Dead          Necr           N/A          3%          4    None

Your spell library contained the following spells:

 Spells                   Type           Power        Failure   Level  Hunger
 Apportation              Tloc           ######       1%          1    None
 Foxfire                  Conj/Fire      ####         1%          1    None
 Magic Dart               Conj           ####         1%          1    None
 Shock                    Conj/Air       ####         1%          1    None
 Summon Butterflies       Summ           ######..     1%          1    None
 Corpse Rot               Necr/Air       N/A          1%          2    None
 Sticks to Snakes         Tmut           ######..     1%          2    None
 Conjure Flame            Conj/Fire      ######..     1%          3    None
 Dazzling Flash           Conj/Hex       ######       1%          3    None
 Lesser Beckoning         Tloc           ######....   1%          3    None
 Recall                   Summ/Tloc      N/A          1%          3    None
 Stone Arrow              Conj/Erth      ######       1%          3    None
 Tukima's Dance           Hex            ######..     1%          3    None
 Dispel Undead            Necr           ######..     3%          4    None
 Fulminant Prism          Conj/Hex       ######....   3%          4    None
 Olgreb's Toxic Radiance  Pois           ######..     3%          4    None
 Alistair's Intoxication  Tmut/Pois      ######..     10%         5    ####...
 Aura of Abjuration       Summ           ######....   10%         5    ####...
 Fireball                 Conj/Fire      ######....   10%         5    ####...
 Iskenderun's Battlesphe  Conj/Chrm      ######..     10%         5    ####...
 Silence                  Hex/Air        ######....   10%         5    ####...
 Conjure Ball Lightning   Conj/Air       ######....   47%         6    #####..
 Death Channel            Necr           ######....   47%         6    #####..
 Eringya's Noxious Bog    Tmut/Pois      ######....   47%         6    #####..
 Hydra Form               Tmut           ######....   47%         6    #####..
 Invisibility             Hex            ######..     47%         6    #####..
 Shadow Creatures         Summ           N/A          47%         6    #####..
 Starburst                Conj/Fire      ######....   47%         6    #####..
 Statue Form              Tmut/Erth      ######...    47%         6    #####..
 Dragon Form              Tmut           ######....   96%         7    #######
 Haunt                    Necr/Summ      ######....   96%         7    #######
 Malign Gateway           Summ/Tloc      ######....   96%         7    #######
 Summon Hydra             Summ           ######....   96%         7    #######
 Controlled Blink         Tloc           N/A          100%        8    #######
 Death's Door             Chrm/Necr      ######....   100%        8    #######
 Disjunction              Tloc           ######....   100%        8    #######
 Fire Storm               Conj/Fire      ######....   100%        9    #######


Dungeon Overview and Level Annotations

Branches:
Dungeon (1/1)

Altars:
Ashenzari
Cheibriados
Dithmenos
Elyvilon
Fedhas
Gozag
Hepliaklqana
Kikubaaqudgha
Makhleb
Nemelex Xobeh
Okawaru
Qazlal
Ru
Sif Muna
Trog
Uskayaw
Vehumet
Wu Jian
Xom
Yredelemnul
Zin
The Shining One
Beogh
Jiyva
Lugonu

Annotations:
D Josephine


Innate Abilities, Weirdness & Mutations

Your experience applies equally to all skills.
You have very sharp teeth.
Your uncanny sense of smell can sniff out nearby items.


Message History

* * * LOW HITPOINT WARNING * * *
The Executioner hits you.
* * * LOW HITPOINT WARNING * * *
The Executioner hits you.
* * * LOW HITPOINT WARNING * * *
The wall freezes the sixfirhy. x2; The sixfirhy closely misses you.
The Executioner completely resists.
The wall freezes the Executioner but do no damage.
The ufetubus completely resists.
The wall freezes the ufetubus but do no damage.
The wall freezes the sixfirhy.
The wall freezes the catoblepas!
The ufetubus resists.
The wall freezes the ufetubus.
The ynoxinul resists.
The wall freezes the ynoxinul.
The ynoxinul gestures.
The ice devil completely resists.
The wall freezes the ice devil but do no damage.
The wall freezes the sixfirhy.
The sixfirhy hits you.
* * * LOW HITPOINT WARNING * * *
The sixfirhy shocks you!
You die...

#..........+ #..........+
###''####5'#
###''####5Y###############
#..1.§§##53...............
#.#e##§##3e5..............
#.#Y:k§##55##############+
#.i3:#.##13#∆∆ ∆∆
#.#p:'.##@.#∆∆ ∆∆ ########
+):#.##..# .≈##..# ##
#.##..# .=##..# ..##..#
..''..# ####..#
..''..##########..#
..♣#.........Z.)..#∆∆∆∆ ∆∆
∆∆ ..##.....%........#∆∆∆∆
∆∆ ∆∆ #♣♣################


You could see a catoblepas, an Executioner (summoned, fast), a soul eater, a
deep elf demonologist, a sixfirhy (summoned), a ynoxinul (summoned) and 6
ufetubi.

Vanquished Creatures
  A red draconian (D)
  2 hydras (D)
  3 flayed ghosts (D)
  A spriggan druid (D)
  Pikel (D)
  7 elephants (D)
  2 kobold demonologists (D)
  2 ice devils (D)
  A demonic crawler (D)
  A guardian mummy (D)
  A hellwing (D)
  A polar bear (D)
  2 trolls (D)
  A wind drake (D)
  A hornet (D)
  A tyrant leech (D)
  3 blink frogs (D)
  A spriggan (D)
  A water elemental (D)
  3 redbacks (D)
  2 wraiths (D)
  A vampire (D)
  A ynoxinul (D)
  A hungry ghost (D)
  A warg (D)
  A water moccasin (D)
  A floating eye (D)
  A slave (D)
  A necrophage (D)
  3 wolves (D)
  2 centaurs (D)
  4 big kobolds (D)
  A gnoll sergeant (D)
  A quasit (D)
  An orc priest (D)
  A jelly (D)
  Ijyb (D)
  2 iguanas (D)
  A gnoll (D)
  3 leopard geckos (D)
  3 orcs (D)
  A giant cockroach (D)
  A goblin (D)
  4 jackals (D)
  A quokka (D)
  2 ball pythons (D)
  A bat (D)
  A frilled lizard (D)
  A rat (D)
81 creatures vanquished.

Vanquished Creatures (collateral kills)
  An eidolon (D)
  A death yak (D)
  A deep troll (D)
  A swamp dragon (D)
  A cyclops (D)
  A manticore (D)
  An elephant (D)
  A komodo dragon (D)
  A polar bear (D)
  A hippogriff (D)
  2 basilisks (D)
  A steam dragon (D)
  An ice beast (D)
  A black bear (D)
  2 wolves (D)
  An orc priest (D)
  A hell rat (D)
  4 gnolls (D)
23 creatures vanquished.

Grand Total: 104 creatures vanquished

Notes
Turn   | Place    | Note
-------+----------+-------------------------------------------
     0 | D        | MordorOrchid the Gnoll Ice Elementalist began the quest for
                  | the Orb.
     0 | D        | Reached XP level 1. HP: 13/13 MP: 6/6
    45 | D        | Found a glowing golden altar of the Shining One.
    45 | D        | Found a glowing silver altar of Zin.
    45 | D        | Found a basalt altar of Yredelemnul.
    45 | D        | Found a shimmering altar of Xom.
    45 | D        | Found an ornate altar of the Wu Jian Council.
    45 | D        | Found a bloodstained altar of Trog.
    45 | D        | Found a shimmering blue altar of Sif Muna.
    45 | D        | Found a sacrificial altar of Ru.
    45 | D        | Found a stormy altar of Qazlal.
    45 | D        | Found an iron altar of Okawaru.
    45 | D        | Found a sparkling altar of Nemelex Xobeh.
    45 | D        | Found a burning altar of Makhleb.
    45 | D        | Found a viscous altar of Jiyva.
    45 | D        | Found a hazy altar of Hepliaklqana.
    45 | D        | Found an opulent altar of Gozag.
    45 | D        | Found a blossoming altar of Fedhas.
    45 | D        | Found a white marble altar of Elyvilon.
    45 | D        | Found a shadowy altar of Dithmenos.
    45 | D        | Found a snail-covered altar of Cheibriados.
    46 | D        | Found a radiant altar of Vehumet.
    46 | D        | Found a corrupted altar of Lugonu.
    46 | D        | Found a roughly hewn altar of Beogh.
    47 | D        | Found a hide-covered altar of Uskayaw.
    47 | D        | Found an ancient bone altar of Kikubaaqudgha.
    47 | D        | Found a shattered altar of Ashenzari.
    50 | D        | Became a worshipper of Sif Muna the Loreminder
    59 | D        | Noticed a floating eye
    65 | D        | Killed a floating eye
    65 | D        | Reached skill level 5 in Dodging
    65 | D        | Reached skill level 5 in Stealth
    65 | D        | Reached skill level 5 in Spellcasting
    65 | D        | Reached XP level 2. HP: 23/23 MP: 6/8
    65 | D        | Reached XP level 3. HP: 28/28 MP: 7/10
    65 | D        | Reached XP level 4. HP: 34/34 MP: 7/11
    74 | D        | Learned a level 3 spell: Frozen Ramparts
    78 | D        | Learned a level 3 spell: Ozocubu's Armour
    83 | D        | Learned a level 4 spell: Summon Ice Beast
    89 | D        | Reached * piety under Sif Muna
   102 | D        | Reached ** piety under Sif Muna
   106 | D        | Reached *** piety under Sif Muna
   364 | D        | Noticed a water moccasin
   371 | D        | Killed a water moccasin
   371 | D        | Reached XP level 5. HP: 42/42 MP: 11/13
   377 | D        | Learned a level 4 spell: Hailstorm
   380 | D        | Noticed a centaur
   380 | D        | Noticed a hungry ghost
   381 | D        | Noticed Ijyb
   386 | D        | Killed a centaur
   386 | D        | Reached **** piety under Sif Muna
   386 | D        | Reached XP level 6. HP: 46/49 MP: 2/15
   388 | D        | Killed Ijyb
   391 | D        | Killed a hungry ghost
   391 | D        | Reached skill level 5 in Fighting
   391 | D        | Reached skill level 5 in Short Blades
   391 | D        | Reached skill level 5 in Long Blades
   391 | D        | Reached skill level 5 in Axes
   391 | D        | Reached skill level 5 in Maces & Flails
   391 | D        | Reached skill level 5 in Polearms
   391 | D        | Reached skill level 5 in Staves
   391 | D        | Reached skill level 5 in Slings
   391 | D        | Reached skill level 5 in Bows
   391 | D        | Reached skill level 5 in Crossbows
   391 | D        | Reached skill level 5 in Throwing
   391 | D        | Reached skill level 5 in Armour
   391 | D        | Reached skill level 5 in Shields
   391 | D        | Reached skill level 5 in Unarmed Combat
   391 | D        | Reached skill level 5 in Invocations
   391 | D        | Reached skill level 5 in Evocations
   391 | D        | Reached XP level 7. HP: 45/56 MP: 3/17
   435 | D        | Reached ***** piety under Sif Muna
   435 | D        | Identified Sif Muna's Handbook of the Volcanoes and Evil
                  | Arts (Sif Muna gifted it to you in the Dungeon)
   435 | D        | Received a gift from Sif Muna
   442 | D        | Learned a level 4 spell: Animate Dead
   444 | D        | Learned a level 1 spell: Animate Skeleton
   459 | D        | Noticed Pikel
   468 | D        | Killed Pikel
   468 | D        | Reached skill level 5 in Conjurations
   468 | D        | Reached skill level 5 in Hexes
   468 | D        | Reached skill level 5 in Charms
   468 | D        | Reached skill level 5 in Summonings
   468 | D        | Reached skill level 5 in Necromancy
   468 | D        | Reached skill level 5 in Translocations
   468 | D        | Reached skill level 5 in Transmutations
   468 | D        | Reached skill level 5 in Fire Magic
   468 | D        | Reached skill level 5 in Air Magic
   468 | D        | Reached skill level 5 in Earth Magic
   468 | D        | Reached skill level 5 in Poison Magic
   468 | D        | Reached XP level 8. HP: 34/64 MP: 8/20
   629 | D        | Noticed a redback
   652 | D        | Killed a redback
   654 | D        | Identified Sif Muna's Volume of Supportive Conjuration (Sif
                  | Muna gifted it to you in the Dungeon)
   654 | D        | Received a gift from Sif Muna
   786 | D        | Learned a level 3 spell: Mephitic Cloud
   792 | D        | Noticed a troll
   795 | D        | Identified Astryomi's Grimoire of Spatial Bewitchment (Sif
                  | Muna gifted it to you in the Dungeon)
   795 | D        | Received a gift from Sif Muna
   819 | D        | Killed a troll
   868 | D        | Noticed a flayed ghost
   874 | D        | Reached XP level 9. HP: 52/72 MP: 14/21
   879 | D        | Killed a flayed ghost
   917 | D        | Noticed a troll
   917 | D        | Noticed a demonic crawler
   922 | D        | Identified Sif Muna's Compendium of Fiery Transformation
                  | (Sif Muna gifted it to you in the Dungeon)
   922 | D        | Received a gift from Sif Muna
   924 | D        | Killed a troll
   928 | D        | Killed a demonic crawler
   958 | D        | Noticed a manticore
  1003 | D        | Killed a manticore
  1035 | D        | Reached XP level 10. HP: 79/80 MP: 14/23
  1054 | D        | Received a gift from Sif Muna
  1082 | D        | Noticed an elephant
  1082 | D        | Noticed an elephant
  1082 | D        | Noticed an elephant
  1082 | D        | Noticed an elephant
  1083 | D        | Noticed an elephant
  1086 | D        | Noticed a kobold demonologist
  1086 | D        | Noticed an elephant
  1088 | D        | Noticed a rust devil
  1095 | D        | Noticed a kobold demonologist
  1096 | D        | Killed a kobold demonologist
  1096 | D        | Reached skill level 10 in Ice Magic
  1107 | D        | Killed an elephant
  1107 | D        | Reached skill level 10 in Spellcasting
  1108 | D        | Killed an elephant
  1111 | D        | Killed an elephant
  1111 | D        | Reached skill level 10 in Dodging
  1125 | D        | Killed an elephant
  1125 | D        | Reached ****** piety under Sif Muna
  1133 | D        | Killed a kobold demonologist
  1133 | D        | Reached skill level 10 in Stealth
  1138 | D        | Identified Gloorx Vloq's Papyrus of Sinister Rituals and
                  | Toxins (Sif Muna gifted it to you in the Dungeon)
  1138 | D        | Received a gift from Sif Muna
  1155 | D        | Reached skill level 10 in Invocations
  1180 | D        | Noticed a red draconian
  1197 | D        | Killed a red draconian
  1197 | D        | Reached XP level 11. HP: 43/89 MP: 18/25
  1219 | D        | Noticed a flayed ghost
  1225 | D        | Killed a flayed ghost
  1261 | D        | Received a gift from Sif Muna
  1306 | D        | Noticed a death yak
  1311 | D        | Noticed a flayed ghost
  1326 | D        | Noticed a cyclops
  1351 | D        | Reached skill level 10 in Fighting
  1351 | D        | Reached skill level 10 in Short Blades
  1351 | D        | Reached skill level 10 in Long Blades
  1351 | D        | Reached skill level 10 in Axes
  1351 | D        | Reached skill level 10 in Maces & Flails
  1351 | D        | Reached skill level 10 in Polearms
  1351 | D        | Reached skill level 10 in Staves
  1351 | D        | Reached skill level 10 in Slings
  1351 | D        | Reached skill level 10 in Bows
  1351 | D        | Reached skill level 10 in Crossbows
  1351 | D        | Reached skill level 10 in Throwing
  1351 | D        | Reached skill level 10 in Armour
  1351 | D        | Reached skill level 10 in Shields
  1351 | D        | Reached skill level 10 in Unarmed Combat
  1351 | D        | Reached skill level 10 in Evocations
  1365 | D        | Killed a death yak
  1367 | D        | Received a gift from Sif Muna
  1378 | D        | Killed a cyclops
  1432 | D        | Killed a flayed ghost
  1441 | D        | Noticed a deep troll
  1449 | D        | Learned a level 5 spell: Summon Forest
  1459 | D        | Killed a deep troll
  1616 | D        | Learned a level 5 spell: Irradiate
  1627 | D        | Identified Sif Muna's Almanac of the Escort (Sif Muna
                  | gifted it to you in the Dungeon)
  1627 | D        | Received a gift from Sif Muna
  1658 | D        | Noticed an eidolon
  1683 | D        | Killed an eidolon
  1774 | D        | Identified Sif Muna's Grimoire of Intoxication and Arcane
                  | Weapons (Sif Muna gifted it to you in the Dungeon)
  1774 | D        | Received a gift from Sif Muna
  1774 | D        | Reached XP level 12. HP: 94/99 MP: 19/27
  1796 | D        | Noticed Josephine
  1796 | D        | Noticed a death knight
  1928 | D        | Upgraded the game from 0.25.0-26-g0c896c7088 to
                  | 0.25.0-33-gff14898491
  1928 | D        | Upgraded the game from 0.25.0-33-gff14898491 to
                  | 0.25.0-41-g26779e291d
  1944 | D        | Noticed an ophan
  1944 | D        | Noticed a soul eater
  1944 | D        | Noticed a death knight
  1947 | D        | Noticed a deep elf demonologist
  1947 | D        | Noticed a catoblepas
  1952 | D        | Noticed a Tzitzimitl
  1997 | D        | Noticed a four-headed hydra
  1998 | D        | Noticed a five-headed hydra
  2007 | D        | Killed a four-headed hydra
  2007 | D        | Killed a five-headed hydra
  2039 | D        | Identified Sif Muna's Handbook of Creation and
                  | Weightlessness (Sif Muna gifted it to you in the Dungeon)
  2039 | D        | Received a gift from Sif Muna
  2042 | D        | Noticed an Executioner
  2059 | D        | Slain by a sixfirhy

Illustrated notes

Levels and vault maps discovered:
D:        pitsprint [storerooms_1, entrance_room_1, metal_vault_5, armoury_2,
          mini_pit_1, grid_room_1, main_hall_1, silver_pit, the_coven_1,
          the_vestibule_1, steel_vault_4, golden_pit, hallway_of_sentries,
          crystal_vault_1, iron_vault_5, final_vault]

Skill      XL: |  1  2  3  4  5  6  7  8  9 10 11 12 |
---------------+-------------------------------------+-----
Fighting       | 2 3 4 5 6 7 8 9 10 11 | 11.3
Short Blades   | 2 3 4 5 6 7 8 9 10 11 | 11.3
Long Blades    | 2 3 4 5 6 7 8 9 10 11 | 11.3
Axes           | 2 3 4 5 6 7 8 9 10 11 | 11.3
Maces & Flails | 2 3 4 5 6 7 8 9 10 11 | 11.3
Polearms       | 2 3 4 5 6 7 8 9 10 11 | 11.3
Staves         | 2 3 4 5 6 7 8 9 10 11 | 11.3
Slings         | 2 3 4 5 6 7 8 9 10 11 | 11.3
Bows           | 2 3 4 5 6 7 8 9 10 11 | 11.3
Crossbows      | 2 3 4 5 6 7 8 9 10 11 | 11.3
Throwing       | 2 3 4 5 6 7 8 9 10 11 | 11.3
Armour         | 2 3 4 5 6 7 8 9 10 11 | 11.3
Dodging        | 5 6 7 8 9 10 11 12 | 12.1
Stealth        | 5 6 7 8 9 10 11 | 11.9
Shields        | 2 3 4 5 6 7 8 9 10 11 | 11.3
Unarmed Combat | 2 3 4 5 6 7 8 9 10 11 | 11.3
Spellcasting   | 5 6 7 8 9 10 11 12 | 12.2
Conjurations   | 2 3 4 5 6 8 9 |  9.6
Hexes          | 2 3 4 5 6 8 9 |  9.6
Charms         | 2 3 4 5 6 8 9 |  9.6
Summonings     | 2 3 4 5 6 8 9 |  9.6
Necromancy     | 2 3 4 5 6 8 9 |  9.6
Translocations | 2 3 4 5 6 8 9 |  9.6
Transmutations | 2 3 4 5 6 8 9 |  9.6
Fire Magic     | 2 3 4 5 6 8 9 |  9.6
Air Magic      | 2 3 4 5 6 8 9 |  9.6
Earth Magic    | 2 3 4 5 6 8 9 |  9.6
Poison Magic   | 2 3 4 5 6 8 9 |  9.6
Invocations    | 3 4 5 6 7 8 10 11 12 | 12.2
Evocations     | 2 3 4 5 6 7 8 9 10 11 | 11.3
Ice Magic      | 8 9 10 11 | 11.7

Action                   |  1- 3 |  4- 6 |  7- 9 | 10-12 || total
-------------------------+-------+-------+-------+-------++-------
Melee: Falchion          |     4 |     4 |       |       ||     8
       Bite              |       |     3 |     1 |     8 ||    12
       Long sword        |       |     4 |       |    14 ||    18
       Trident           |       |       |     4 |    10 ||    14
       Staff             |       |       |     1 |     1 ||     2
       Rapier            |       |       |     1 |    20 ||    21
       Punch             |       |       |       |     2 ||     2
 Cast: Freeze            |     1 |       |     2 |       ||     3
       Frozen Ramparts   |       |     5 |    10 |    22 ||    37
       Summon Ice Beast  |       |     3 |    12 |    20 ||    35
       Hailstorm         |       |     2 |     6 |    34 ||    42
       Animate Skeleton  |       |       |     4 |    10 ||    14
       Ozocubu's Armour  |       |       |     1 |       ||     1
       Mephitic Cloud    |       |       |     3 |    15 ||    18
       Animate Dead      |       |       |     1 |     1 ||     2
       Summon Forest     |       |       |       |     2 ||     2
Invok: Channel Magic     |       |       |     1 |     2 ||     3
Evoke: Staff of energy   |       |     7 |    44 |    82 ||   133
       Wand              |       |       |       |     3 ||     3
  Use: Potion            |       |       |       |     4 ||     4
       Scroll            |       |       |       |     1 ||     1
 Stab: Sleeping          |     2 |       |     1 |       ||     3
       Confused          |       |       |       |     3 ||     3
       Distracted        |       |       |       |     1 ||     1
  Eat: Chunk             |       |       |     5 |     7 ||    12
       Ration            |       |       |       |     1 ||     1
Armor: Robe              |       |       |     1 |       ||     1
       Scale mail        |       |       |     8 |    41 ||    49
Dodge: Dodged            |     2 |     9 |    27 |    55 ||    93
       Rpst.: Falchion   |     1 |     3 |       |       ||     4
       Long sword        |       |     1 |       |     4 ||     5
